 Dungeon Crawl Stone Soup version 0.21-a0-401-g0b6bec4 (webtiles) character file.

9063 tilp the Destroyer (level 11, -22/82 HPs)
             Began as a Yellow Draconian Conjurer on Oct 22, 2017.
             Was a Priest of Vehumet.
             Annihilated by a spiny frog (25 damage)
             ... on level 2 of the Lair of Beasts on Oct 23, 2017.
             The game lasted 00:51:17 (15876 turns).

tilp the Destroyer (Yellow Draconian Conjurer)     Turns: 15876, Time: 00:51:18

Health: -22/82     AC:  9    Str: 11 (13) XL:     11   Next: 18%
Magic:  18/27      EV:  8    Int: 17 (20) God:    Vehumet [***...]
Gold:   351        SH:  5    Dex:  4 (9)  Spells: 9/30 levels left

rFire    + + .     SeeInvis .   b - +0 dagger (venom)
rCold    + . .     Gourm    .   j - +0 shield
rNeg     . . .     Faith    .   (armour unavailable)
rPois    +         Spirit   .   (helmet restricted)
rElec    .         Reflect  .   r - scarf {repulsion}
rCorr    +         Harm     .   (no gloves)
MR       +....     Clarity  +   P - +1 pair of boots
Stlth    +.........             (no amulet)
HPRegen  0.23/turn              V - ring "Ryidanli" {*Drain rPois rC+ MR+ Str+3}
MPRegen  0.20/turn              (no ring)

@: lethally poisoned (-22 -> -26), short of breath, repel missiles
A: spit acid, acid resistance, unfitting armour, horns 1, talons 1, clarity,
clumsy 1, deterioration 2, fire resistance 2, frail 1, high mp 1, screaming 1,
cold-blooded, AC +7
a: Breathe Acid, Renounce Religion


You were on level 2 of the Lair of Beasts.
You worshipped Vehumet.
Vehumet was most pleased with you.
You were not hungry.

You visited 4 branches of the dungeon, and saw 14 of its levels.
You also visited: Sewer.

You collected 845 gold pieces.
You spent 494 gold pieces at shops.

Inventory:

Hand Weapons
 a - a +2 short sword of protection
 b - a +0 dagger of venom (weapon)
 x - a +0 whip of draining
 C - a +2 flail of crushing
 K - a +0 quarterstaff of speed
 N - a +3 dagger
Missiles
 A - 4 poisoned tomahawks (quivered)
 Q - 6 tomahawks
 Z - 4 tomahawks of returning
Armour
 e - a +0 cloak
 j - a +0 shield (worn)
 r - a scarf of repulsion (worn)
 P - a +1 pair of boots (worn)
Jewellery
 w - an uncursed amulet of guardian spirit {unknown}
 I - an uncursed ring of fire
 O - an uncursed amulet of faith {unknown}
 V - the ring "Ryidanli" (left hand) {*Drain rPois rC+ MR+ Str+3}
   (You bought it in a shop on level 4 of the Dungeon)

   [ring of protection from magic]

   It affects your strength (+3).
   It protects you from cold.
   It protects you from poison.
   It affects your resistance to hostile enchantments.
   It causes draining when unequipped.
Wands
 n - a wand of random effects (19/48)
 B - a wand of random effects (19/48)
 F - a wand of lightning (10/15)
 J - a wand of paralysis (16/24)
 U - a wand of flame (24/48)
 X - a wand of paralysis (8/24)
Scrolls
 c - 4 scrolls of teleportation
 k - 4 scrolls of fog
 m - 3 scrolls of amnesia
 s - 5 scrolls of remove curse
 u - a scroll of blinking
 y - a scroll of fear {unknown}
 z - a scroll of recharging {unknown}
 D - a scroll of enchant weapon {unknown}
 E - a scroll of random uselessness {unknown}
 R - a scroll of holy word {unknown}
 W - a scroll of magic mapping
Potions
 d - a potion of berserk rage
 f - a potion of lignification {unknown}
 g - a potion of cancellation {unknown}
 h - a potion of ambrosia {unknown}
 i - 6 potions of curing
 o - 4 potions of brilliance
 p - 4 potions of might
 q - 2 potions of heal wounds
 t - 2 potions of agility
 v - 2 potions of magic
 G - a potion of haste {unknown}
 L - 2 potions of resistance
Books
 H - a book of Conjurations

   Spells                             Type                      Level
   a - Magic Dart                     Conjuration                  1
   b - Searing Ray                    Conjuration                  2
   c - Dazzling Spray                 Conjuration/Hexes            3
   d - Fulminant Prism                Conjuration/Hexes            4
   e - Force Lance                    Conjuration/Translocation    4
   f - Iskenderun's Mystic Blast      Conjuration                  4
 T - a book of Minor Magic

   Spells                             Type                      Level
   a - Magic Dart                     Conjuration                  1
   b - Blink                          Translocation                2
   c - Call Imp                       Summoning                    2
   d - Slow                           Hexes                        2
   e - Conjure Flame                  Conjuration/Fire             3
   f - Mephitic Cloud                 Conjuration/Poison/Air       3
Miscellaneous
 S - a sack of spiders
Comestibles
 l - 3 royal jellies
 M - 8 bread rations


   Skills:
 + Level 7.1 Fighting
 - Level 1.7 Dodging
 - Level 1.7 Stealth
 - Level 10.0 Spellcasting
 + Level 12.6 Conjurations


You had 9 spell levels left.
You knew the following spells:

 Your Spells              Type           Power        Failure   Level  Hunger
a - Magic Dart            Conj           ####         1%          1    None
b - Searing Ray           Conj           ######       1%          2    None
c - Dazzling Spray        Conj/Hex       ####..       3%          3    None
d - Iskenderun's Mystic   Conj           ######..     1%          4    ###....
e - Freeze                Ice            #...         16%         1    None
f - Throw Flame           Conj/Fire      ####..       1%          2    None
g - Conjure Flame         Conj/Fire      ####....     3%          3    None
h - Mephitic Cloud        Conj/Pois/Air  ###.....     9%          3    None
i - Blink                 Tloc           N/A          65%         2    None


Dungeon Overview and Level Annotations

Branches:
Dungeon (10/15)            Temple (1/1) D:5            Lair (2/6) D:8
    Orc (1/2) D:9
  Swamp: Lair:2-4    Shoals: Lair:2-4     Snake: Lair:2-4    Spider: Lair:2-4

Altars:
Ashenzari
Cheibriados
Dithmenos
Elyvilon
Fedhas
Gozag
Hepliaklqana
Kikubaaqudgha
Makhleb
Nemelex Xobeh
Okawaru
Qazlal
Ru
Sif Muna
Trog
Uskayaw
Vehumet
Wu Jian
Xom
Yredelemnul
Zin
The Shining One

Shops:
D:4 =   D:5 *[(*[

Annotations:
D:8 Rhok's ghost, novice MiAr


Innate Abilities, Weirdness & Mutations

You can spit globs of acid.
You are resistant to acid.
Your golden yellow scales are hard. (AC +7)
You cannot fit into any form of body armour.
You are cold-blooded and may be slowed by cold attacks.
You have a pair of small horns on your head.
You have sharp toenails.
You possess an exceptional clarity of mind.
You are clumsy. (Dex -2)
Your body often deteriorates upon taking damage.
Your flesh is very heat resistant. (rF++)
You are frail. (-10% HP)
You have an increased reservoir of magic. (+10% MP)
You occasionally shout uncontrollably at your foes.


Message History

Your body deteriorates!
You feel dopey.
The water moccasin bites you but does no damage.
The searing ray misses the spiny frog.
You finish channeling your searing ray.
You feel sick. The spiny frog closely misses you. The water moccasin bites you.
* * * LOW HITPOINT WARNING * * *
You feel better. You block the spiny frog's attack.
The water moccasin bites you.
* * * LOW HITPOINT WARNING * * *
The spiny frog stings you.
* * * LOW HITPOINT WARNING * * *
The water moccasin bites you but does no damage.
Press: ? - help, Shift-Dir - straight line, f/p - water moccasin
Aim: a water moccasin You spit a glob of acid.
The glob of acid misses the water moccasin.
You feel somewhat more hungry. The water moccasin bites you.
* * * LOW HITPOINT WARNING * * *
You are lethally poisoned!
The water moccasin poisons you! The spiny frog stings you!!
You die...

#. #.## ###..P#
#P.+..#######
#........(..#
#....<.>..[..
#............
+....@......#
.PP...SF....?..
##P............
##.<..........
###.#.+#.#.#P
.#... ## # #.
... .. ##.


You could see a spiny frog and a water moccasin.

Vanquished Creatures
  2 two-headed ogres
  An unseen horror (D:10)
  An orc sorcerer (Orc:1)
  Maurice (D:9)
  Joseph (D:8)
  A komodo dragon (Lair:1)
  A hornet (D:9)
  A hippogriff (Lair:1)
  A spriggan (D:7)
  A steam dragon (D:8)
  A hungry ghost (D:7)
  2 wargs
  2 insubstantial wisps (D:8)
  2 porcupines (Lair:1)
  2 ice beasts
  5 sky beasts
  A black bear (D:8)
  4 orc warriors
  8 ogres
  2 necrophages
  6 centaurs
  A crocodile (Lair:1)
  A big kobold (D:7)
  5 bullfrogs
  A wyvern skeleton (D:9)
  3 scorpions
  A howler monkey (D:9)
  4 crimson imps
  4 orc priests
  2 centaur zombies
  11 orc wizards
  3 hounds
  A centaur skeleton (D:9)
  2 bullfrog skeletons
  Terence (D:3)
  2 iguanas
  Ijyb (D:4)
  7 worker ants
  2 hound skeletons
  A hound zombie (D:7)
  Robin (D:2)
  5 gnolls
  13 adders
  A river rat (Sewer)
  A shadow imp (D:5)
  An adder skeleton (D:6)
  4 worms
  3 leopard geckos
  40 orcs
  8 bats
  2 giant cockroaches
  19 goblins
  6 hobgoblins
  13 jackals
  4 quokkas
  3 ball pythons
  10 frilled lizards
  9 kobolds
  2 leopard gecko skeletons
  13 rats
257 creatures vanquished.

Vanquished Creatures (others)
  A plant (D:4)
1 creature vanquished.

Grand Total: 258 creatures vanquished

Notes
Turn   | Place    | Note
-------+----------+-------------------------------------------
     0 | D:1      | tilp the Draconian Conjurer began the quest for the Orb.
     0 | D:1      | Reached XP level 1. HP: 14/14 MP: 3/3
   197 | D:1      | Reached XP level 2. HP: 20/20 MP: 1/5
   470 | D:1      | Reached XP level 3. HP: 26/26 MP: 1/7
   480 | D:1      | Learned a level 2 spell: Searing Ray
   484 | D:1      | Learned a level 3 spell: Dazzling Spray
   539 | D:1      | Found an iron altar of Okawaru.
   541 | D:1      | Found a stormy altar of Qazlal.
   541 | D:1      | Found a shadowy altar of Dithmenos.
   543 | D:1      | Found a shimmering altar of Xom.
   543 | D:1      | Found a sparkling altar of Nemelex Xobeh.
   543 | D:1      | Found a shadowy altar of Dithmenos.
  1467 | D:2      | Noticed Robin
  1658 | D:2      | Noticed a hand axe
  1659 | D:2      | Noticed a hand axe
  1664 | D:2      | Found a hide-covered altar of Uskayaw.
  1867 | D:2      | Reached XP level 4. HP: 33/33 MP: 4/8
  2045 | D:2      | Reached skill level 5 in Conjurations
  2324 | D:2      | Killed Robin
  2973 | D:3      | Reached XP level 5. HP: 34/38 MP: 5/10
  3033 | D:3      | Found a glowing golden altar of the Shining One.
  3094 | D:3      | Found a sacrificial altar of Ru.
  3235 | D:3      | Noticed Terence
  3523 | D:3      | Learned a level 4 spell: Iskenderun's Mystic Blast
  3583 | D:4      | Found a glowing silver altar of Zin.
  3609 | D:4      | Noticed Ijyb
  4264 | D:4      | Killed Ijyb
  4264 | D:4      | Reached XP level 6. HP: 37/45 MP: 2/12
  4366 | D:4      | Reached skill level 6 in Conjurations
  4531 | D:4      | Found Pokloxed's Jewellery Boutique.
  5743 | D:5      | Entered Level 5 of the Dungeon
  5743 | D:5      | Found Uromp's Assorted Antiques.
  5747 | D:5      | Reached skill level 5 in Spellcasting
  5893 | D:5      | Found Utamm's Weapon Shop.
  5941 | D:5      | Your scales start taking on a golden yellow colour.
  5941 | D:5      | Reached XP level 7. HP: 50/50 MP: 9/14
  6048 | D:5      | Found a sparkling altar of Nemelex Xobeh.
  6303 | D:5      | Reached skill level 7 in Conjurations
  6442 | D:5      | Found Nofi's Armour Shoppe.
  6445 | D:5      | Found a staircase to the Ecumenical Temple.
  6492 | Temple   | Entered the Ecumenical Temple
  6523 | Temple   | Became a worshipper of Vehumet
  6900 | D:5      | Found Wezoz's General Store.
  6915 | D:5      | Bought a potion of degeneration for 12 gold pieces
  7252 | D:5      | Found Pikusiav's Armour Shoppe.
  7265 | D:5      | Reached XP level 8. HP: 57/57 MP: 13/17
  7506 | D:6      | Reached skill level 8 in Conjurations
  7811 | D:6      | Found a glowing drain.
  7816 | Sewer    | Entered a sewer
  7910 | Sewer    | Reached * piety under Vehumet
  7910 | Sewer    | Offered knowledge of Freeze by Vehumet.
  7913 | Sewer    | Learned a level 1 spell: Freeze
  7975 | Sewer    | Noticed Xenofane's ghost (amateur KoHu)
  8398 | D:6      | Found a bloodstained altar of Trog.
  8621 | D:6      | Reached skill level 9 in Conjurations
  8952 | D:7      | Found a white marble altar of Elyvilon.
  9005 | D:7      | Found a basalt altar of Yredelemnul.
  9056 | D:7      | Noticed a two-headed ogre
  9073 | D:7      | Reached XP level 9. HP: 60/60 MP: 15/20
  9148 | D:7      | Killed a two-headed ogre
  9263 | D:7      | Reached skill level 10 in Conjurations
  9370 | D:7      | Found a shadowy altar of Dithmenos.
  9371 | D:7      | Found an ancient bone altar of Kikubaaqudgha.
  9372 | D:7      | Found a shattered altar of Ashenzari.
  9601 | D:7      | Reached ** piety under Vehumet
  9624 | D:7      | Offered knowledge of Throw Flame by Vehumet.
  9631 | D:7      | Learned a level 2 spell: Throw Flame
 10045 | D:8      | Found a staircase to the Lair.
 10122 | D:8      | Noticed a two-headed ogre
 10130 | D:8      | Killed a two-headed ogre
 10130 | D:8      | Reached skill level 11 in Conjurations
 10130 | D:8      | Reached XP level 10. HP: 67/67 MP: 18/23
 10255 | D:8      | Noticed Rhok's ghost (novice MiAr)
 10360 | D:8      | Reached skill level 1 in Fighting
 10405 | D:8      | Gained mutation: You are frail. (-10% HP) [mutagenic meat]
 10406 | D:8      | Gained mutation: You evolve. [mutagenic meat]
 10407 | D:8      | Gained mutation: Your body sometimes deteriorates upon taking damage. [mutagenic meat]
 10409 | D:8      | Gained mutation: Your tail ends in a poisonous barb. [mutagenic meat]
 10410 | D:8      | Gained mutation: Your body often deteriorates upon taking damage. [mutagenic meat]
 10411 | D:8      | Gained mutation: You have a pair of small horns on your head. [mutagenic meat]
 10413 | D:8      | Gained mutation: Your spells are a little easier to cast, but a little less powerful. [mutagenic meat]
 10414 | D:8      | Lost mutation: Your spells are a little easier to cast, but a little less powerful. [mutagenic meat]
 10415 | D:8      | Gained mutation: You have sharp toenails. [mutagenic meat]
 10420 | D:8      | Reached skill level 10 in Spellcasting
 10424 | D:8      | Gained mutation: You possess an exceptional clarity of mind. [mutagenic meat]
 10441 | D:8      | HP: 1/63 [something/ball of steam (16)]
 11269 | D:8      | Offered knowledge of Conjure Flame by Vehumet.
 11386 | D:8      | Noticed Joseph
 11404 | D:8      | Paralysed by Joseph for 3 turns
 11500 | D:4      | Bought the ring "Ryidanli" {*Drain rPois rC+ MR+ Str+3} for 482 gold pieces
 11618 | D:3      | Killed Terence
 11861 | D:8      | Killed Joseph
 12030 | D:9      | Gained mutation: You are clumsy. (Dex -2) [mutagenic meat]
 12032 | D:9      | Gained mutation: Your flesh is heat resistant. (rF+) [mutagenic meat]
 12033 | D:9      | Gained mutation: You occasionally shout uncontrollably at your foes. [mutagenic meat]
 12266 | D:9      | Reached *** piety under Vehumet
 12632 | D:9      | Noticed Maurice
 12647 | D:9      | Killed Maurice
 12647 | D:9      | Reached skill level 5 in Fighting
 12665 | D:9      | Reached skill level 12 in Conjurations
 12992 | D:9      | Found a staircase to the Orcish Mines.
 13281 | D:10     | Entered Level 10 of the Dungeon
 13316 | D:10     | Lost mutation: You evolve. [potion of mutation]
 13316 | D:10     | Lost mutation: Your tail ends in a poisonous barb. [potion of mutation]
 13316 | D:10     | Gained mutation: Your flesh is very heat resistant. (rF++) [potion of mutation]
 13316 | D:10     | Gained mutation: You have an increased reservoir of magic. (+10% MP) [potion of mutation]
 13343 | D:10     | Killed an unseen horror
 13595 | D:10     | Noticed a centaur warrior
 13996 | Orc:1    | Entered Level 1 of the Orcish Mines
 14153 | Orc:1    | Noticed an orc sorcerer
 14166 | Orc:1    | Reached XP level 11. HP: 74/78 MP: 24/27
 14180 | Orc:1    | Killed an orc sorcerer
 14281 | Orc:1    | Offered knowledge of Airstrike by Vehumet.
 14292 | Orc:1    | Noticed a stone giant
 14666 | Lair:1   | Entered Level 1 of the Lair of Beasts
 14880 | Lair:1   | Learned a level 3 spell: Conjure Flame
 14884 | Lair:1   | Learned a level 3 spell: Mephitic Cloud
 14887 | Lair:1   | Learned a level 2 spell: Blink
 15876 | Lair:2   | HP: 3/82 [water moccasin (5)]
 15876 | Lair:2   | Annihilated by a spiny frog

Vault maps used:
D:1:      saegor_arrival_simple_c, minmay_liquid_box, doesnt_xom_only_xom
D:2:      dancing_weapons_uskayaw, first_bread, uniq_robin
D:3:      lemuel_coloured_pillars_altar, nicolae_ru_sacrificial_ziggurat,
          uniq_terence
D:4:      wad_lake_hut, kennysheep_mini, serial_shops, shop, uniq_ijyb
D:5:      minmay_temple_entry_grid, basic_altar, serial_shops, shop,
          shop_statue, shop, shop, shop_coins
D:6:      overflow_temple_1_default, portal_sewer_entry_e
D:7:      kennysheep_ying_yang, gammafunk_temple_overflow_forgotten, the_bakery
D:8:      lair_entry_dummy, hangedman_misty_isle, uniq_joseph
D:9:      david_orc_1_choice, basic_loot_grate_trap, uniq_maurice
D:10:     minmay_curly_fans, serial_shops, shop, interstate_on_off
Temple:   minmay_temple_forest_path
Lair:1:   serial_bayou_shore_b, grunt_megastairs_5, serial_bayou_shore_b
Lair:2:   swamp_mist_pool, spider_nest_entry_funnel_web, hibernation_bobbens,
          serial_bayou_shore_b
Orc:1:    uniq_gastronok, uniq_erolcha
Sewer:    sewer_co_cracked_pipes

Skill      XL: |  1  2  3  4  5  6  7  8  9 10 11 |
---------------+----------------------------------+-----
Spellcasting   | 3 4 5 6 7 9 10 | 10.0
Conjurations   | 5 6 7 9 11 12 | 12.6
Fighting       | 6 7 |  7.1
Dodging        | |  1.7
Stealth        | |  1.7

Action                   |  1- 3 |  4- 6 |  7- 9 | 10-12 || total
-------------------------+-------+-------+-------+-------++-------
Melee: Dagger            |    59 |    66 |    15 |    73 ||   213
       Tailslap          |     3 |     6 |     7 |     4 ||    20
       Whip              |       |    12 |    34 |       ||    46
       Headbutt          |       |       |       |    11 ||    11
       Short sword       |       |       |       |     2 ||     2
 Cast: Magic Dart        |    67 |    78 |    58 |    14 ||   217
       Searing Ray       |       |    25 |    58 |    63 ||   146
       Dazzling Spray    |       |     2 |       |     1 ||     3
       Freeze            |       |       |     1 |       ||     1
       Throw Flame       |       |       |       |     1 ||     1
       Conjure Flame     |       |       |       |     4 ||     4
 Abil: Breathe Acid      |       |       |     1 |     3 ||     4
  Use: Scroll            |     2 |       |     9 |    14 ||    25
       Potion            |       |       |       |     2 ||     2
  Eat: Chunk             |     3 |    14 |     7 |    30 ||    54
       Meat ration       |       |       |     1 |     1 ||     2
       Fruit             |       |       |     1 |     2 ||     3
       Royal jelly       |       |       |       |     1 ||     1
Armor: Skin              |    20 |    47 |    32 |    60 ||   159
Dodge: Dodged            |    42 |    96 |    82 |    74 ||   294
       Deflected         |       |       |     3 |     6 ||     9
Block: Shield            |     2 |       |       |    29 ||    31

Table legend:
 A = Spawn XP
 B = Non-spawn XP
 C = Spawn XP percentage of total XP
 D = Spawn monster count
 E = Non-spawn monster count
 F = Spawn count percentage of total count
 G = Total turns spent on level
                    A         B        C        D         E        F      G
               +---------+---------+-------+---------+---------+-------+---------
         Total |       0 |   12948 |   0.0 |       0 |     257 |   0.0 | 15876
               +---------+---------+-------+---------+---------+-------+---------
           D:1 |       0 |      48 |   0.0 |       0 |      22 |   0.0 |   762
           D:2 |       0 |     109 |   0.0 |       0 |      36 |   0.0 |  1838
           D:3 |       0 |     162 |   0.0 |       0 |      13 |   0.0 |  1244
           D:4 |       0 |     345 |   0.0 |       0 |      24 |   0.0 |  2292
           D:5 |       0 |     955 |   0.0 |       0 |      29 |   0.0 |  1317
           D:6 |       0 |     855 |   0.0 |       0 |      23 |   0.0 |   882
           D:7 |       0 |    2583 |   0.0 |       0 |      27 |   0.0 |  1365
           D:8 |       0 |    2816 |   0.0 |       0 |      20 |   0.0 |  1666
           D:9 |       0 |    1791 |   0.0 |       0 |      27 |   0.0 |  1869
          D:10 |       0 |     839 |   0.0 |       0 |       2 |   0.0 |   341
        Lair:1 |       0 |    1147 |   0.0 |       0 |       7 |   0.0 |  1199
         Orc:1 |       0 |    1245 |   0.0 |       0 |      10 |   0.0 |   318
         Sewer |       0 |      53 |   0.0 |       0 |      17 |   0.0 |   380
               +---------+---------+-------+---------+---------+-------+---------
